 Dungeon Crawl Stone Soup version 0.19-a0-1260-gc94d3f7 (webtiles) character file.

488 IAWOC the Covered (level 6, -10/50 HPs)
             Began as a Minotaur Fighter on Aug 28, 2016.
             Was an Initiate of Hepliaklqana.
             Mangled by an ogre
             ... wielding a +0 giant spiked club
              (21 damage)
             ... on level 6 of the Dungeon.
             The game lasted 00:28:03 (3242 turns).

IAWOC the Covered (Minotaur Fighter)                Turns: 3242, Time: 00:28:04

Health: -10/50     AC:  6    Str: 23    XL:     6   Next: 90%
Magic:  5/5        EV:  9    Int:  5    God:    Hepliaklqana [......]
Gold:   173        SH: 10    Dex:  9    Spells: 0 memorised, 5 levels left

rFire  . . .     SeeInvis +     a - +0 trident
rCold  + . .     Gourm    .     b - +0 scale mail
rNeg   . . .     Faith    .     c - +0 shield
rPois  .         Spirit   .     (helmet restricted)
rElec  .         Dismiss  .     (no cloak)
rCorr  .         Reflect  .     s - +0 pair of gloves
MR     .....     Harm     .     (no boots)
Stlth  ..........               (no amulet)
                                p - ring of see invisible
                                t - ring of protection from cold

@: no status effects
A: retaliatory headbutt, horns 2, deformed body, shaggy fur 1
a: Recall Ancestor, Ancestor Identity, Renounce Religion


You were on level 6 of the Dungeon.
You worshipped Hepliaklqana.
Hepliaklqana was noncommittal.
You were not hungry.

You visited 1 branch of the dungeon, and saw 6 of its levels.

You collected 173 gold pieces.

Inventory:

Hand Weapons
 a - a +0 trident (weapon)
Missiles
 i - 3 tomahawks (quivered)
Armour
 b - a +0 scale mail (worn)
 c - a +0 shield (worn)
 s - a +0 pair of gloves (worn)
Jewellery
 j - an uncursed ring of teleportation
 p - a ring of see invisible (right hand)
 t - a ring of protection from cold (left hand)
Wands
 v - a wand of confusion (5/48)
 x - a wand of flame (27/48)
Scrolls
 h - a scroll of remove curse
 l - a scroll of random uselessness {unknown}
 m - a scroll of recharging {unknown}
 n - a scroll of enchant weapon {unknown}
 o - a scroll of teleportation
 r - 3 scrolls of identify
 u - a scroll of blinking {unknown}
 y - a scroll of magic mapping {unknown}
Potions
 d - a potion of might
 e - 2 potions of curing
Books
 w - a book of Power

   Spells                             Type                      Level
   a - Fulminant Prism                Conjuration/Hexes            4
   b - Iskenderun's Mystic Blast      Conjuration                  4
   c - Venom Bolt                     Conjuration/Poison           5
   d - Bolt of Magma                  Conjuration/Fire/Earth       5
   e - Iron Shot                      Conjuration/Earth            6
   f - Orb of Destruction             Conjuration                  7
   g - Spellforged Servitor           Conjuration/Summoning        7
Comestibles
 f - 2 bread rations
 g - 3 meat rations
 k - a fruit
 q - 2 beef jerkies


   Skills:
 + Level 5.1 Fighting
 + Level 3.5 Polearms
 + Level 6.2 Armour
 + Level 2.3 Dodging
 + Level 5.7 Shields


You had 5 spell levels left.
You didn't know any spells.

Dungeon Overview and Level Annotations

Branches:
Dungeon (6/15)
 Temple: D:4-7

Altars:
Hepliaklqana
Uskayaw
Zin


Innate Abilities, Weirdness & Mutations

You reflexively headbutt those who attack you in melee.
You have a pair of horns on your head.
Armour fits poorly on your strangely shaped body.
You are covered in fur. (AC +1)


Message History

The adder is lightly wounded.
The ogre barely misses you. The adder bites you but does no damage.
Thamphthis hits the adder.
You hit the adder.
The adder is heavily wounded.
The adder bites you.
* * * LOW HITPOINT WARNING * * *
You block the ogre's attack.
Thamphthis barely misses the adder.
The adder bites you.
* * * LOW HITPOINT WARNING * * *
Your shield and scale mail prevent you from hitting the adder.
Your headbutt misses the adder.
The adder is heavily wounded.
You block the adder's attack.
Thamphthis completely misses the adder.
You block the ogre's attack.
You closely miss the adder. Your headbutt misses the adder.
The adder is heavily wounded.
The adder closely misses you.
Thamphthis hits the adder.
The ogre hits you with a giant spiked club!!
You die...

# ..###########
............#
.......R<>..#
......S@....#
........O.......
.#...$......####
#..........#
..............
$###########...
.#.# #.#


You could see the friendly Thamphthis the ancestor, an ogre and an adder.

Vanquished Creatures
  A howler monkey (D:5)
  A crimson imp (D:5)
  2 orc priests (D:5)
  3 orc wizards
  2 worker ants
  8 adders
  A shadow imp (D:5)
  A worm (D:5)
  2 dart slugs
  3 giant geckos
  20 orcs
  A ball python (D:3)
  5 giant cockroaches
  10 goblins
  5 hobgoblins
  8 jackals
  A quokka (D:2)
  A ball python skeleton (D:4)
  3 bats
  3 giant newts
  5 kobolds
  4 rats
90 creatures vanquished.

Vanquished Creatures (collateral kills)
  An orc priest (D:5)
  A shadow imp (D:5)
2 creatures vanquished.

Grand Total: 92 creatures vanquished

Notes
Turn   | Place    | Note
-------+----------+-------------------------------------------
     0 | D:1      | IAWOC the Minotaur Fighter began the quest for the Orb.
     0 | D:1      | Reached XP level 1. HP: 19/19 MP: 0/0
   258 | D:1      | Reached XP level 2. HP: 24/27 MP: 1/1
   525 | D:2      | Reached skill level 4 in Armour
   525 | D:2      | Reached XP level 3. HP: 33/33 MP: 2/2
   537 | D:2      | Found a glowing silver altar of Zin.
   893 | D:2      | Reached XP level 4. HP: 36/41 MP: 3/3
  1534 | D:4      | Reached skill level 1 in Dodging
  1778 | D:4      | Reached XP level 5. HP: 47/47 MP: 4/4
  2017 | D:4      | Reached skill level 5 in Armour
  2263 | D:4      | Reached skill level 5 in Shields
  2266 | D:4      | Gained mutation: You are covered in fur. (AC +1) [potion of mutation]
  2266 | D:4      | Gained mutation: Armour fits poorly on your strangely shaped body. [potion of mutation]
  2518 | D:4      | HP: 1/47 [orc wizard/magic dart (5)]
  2638 | D:5      | Entered Level 5 of the Dungeon
  2834 | D:5      | Reached XP level 6. HP: 24/55 MP: 5/5
  2899 | D:5      | Found a hazy altar of Hepliaklqana.
  2988 | D:5      | Became a worshipper of Hepliaklqana
  3010 | D:5      | Reached skill level 5 in Fighting
  3020 | D:5      | Reached skill level 6 in Armour
  3052 | D:5      | Found a hide-covered altar of Uskayaw.
  3242 | D:6      | Mangled by an ogre

Vault maps used:
D:1:      saegor_arrival_simple_e
D:2:      lemuel_crystal_altar
D:3:      lemuel_blue_sif_altar
D:4:      first_bread, portal_sewer_entry_b
D:5:      kennysheep_little_box, lemuel_doored_altar
D:6:      kennysheep_spiral_hall, hangedman_decor_opposing, uniq_eustachio

Skill      XL: |  1  2  3  4  5  6 |
---------------+-------------------+-----
Shields        | 4 5 |  5.7
Fighting       | 4 5 |  5.1
Armour         | 4 5 6 |  6.2
Polearms       | 3 |  3.5
Dodging        | 1 2 |  2.3

Action                   |  1- 3 |  4- 6 || total
-------------------------+-------+-------++-------
Melee: Trident           |    73 |   204 ||   277
       Headbutt          |     8 |    32 ||    40
  Use: Scroll            |     2 |     4 ||     6
       Potion            |       |     5 ||     5
  Eat: Bread ration      |       |     2 ||     2
Armor: Scale mail        |    11 |    81 ||    92
       Chain mail        |    28 |       ||    28
Dodge: Dodged            |    12 |    80 ||    92
Block: Shield            |    51 |   125 ||   176
